 Dungeon Crawl Stone Soup version 0.20.1-1-g8b1a95d (console) character file.

18 hilaritas the Chiller (level 2, 0/15 HPs)
             Began as a Deep Elf Ice Elementalist on Sept 9, 2017.
             Slain by Sigmund
             ... wielding a +0 scythe
              (11 damage)
             ... on level 2 of the Dungeon.
             The game lasted 00:02:04 (783 turns).

hilaritas the Chiller (Deep Elf Ice Elementalist)    Turns: 783, Time: 00:02:05

Health: 0/15       AC:  3    Str:  5    XL:     2   Next: 51%
Magic:  8/8        EV: 13    Int: 19    God:
Gold:   52         SH:  0    Dex: 15    Spells: 4/7 levels left

rFire    . . .     SeeInvis .   j - +2 dagger (venom)
rCold    . . .     Gourm    .   (no shield)
rNeg     . . .     Faith    .   a - +0 robe
rPois    .         Spirit   .   f - +0 helmet (curse)
rElec    .         Reflect  .   (no cloak)
rCorr    .         Harm     .   (no gloves)
MR       .....                  (no boots)
Stlth    ++........             (no amulet)
Regen    0.1/turn               (no ring)
MPRegen  0.2/turn               (no ring)

@: no status effects
A: no striking features
a: no special abilities


You were on level 2 of the Dungeon.
You were not hungry.

You visited 1 branch of the dungeon, and saw 2 of its levels.

You collected 52 gold pieces.

Inventory:

Hand Weapons
 j - a +2 dagger of venom (weapon)
Missiles
 g - 92 stones (quivered)
Armour
 a - a +0 robe (worn)
 f - a cursed +0 helmet (worn)
Jewellery
 s - an uncursed ring of fire {unknown}
Scrolls
 d - a scroll of fog {unknown}
 e - a scroll of noise {unknown}
 i - 2 scrolls of fear {unknown}
 m - a scroll of recharging {unknown}
 o - a scroll of blinking {unknown}
Potions
 h - 2 potions of degeneration {unknown}
 l - 3 potions of heal wounds {unknown}
 q - a potion of curing {unknown}
 r - a potion of agility {unknown}
Books
 b - a book of Frost

   Spells                             Type                      Level
   a - Freeze                         Ice                          1
   b - Throw Frost                    Conjuration/Ice              2
   c - Ozocubu's Armour               Charms/Ice                   3
   d - Throw Icicle                   Conjuration/Ice              4
   e - Summon Ice Beast               Ice/Summoning                4
Comestibles
 c - a bread ration
 k - a royal jelly
 n - 2 meat rations
 p - 4 chunks of flesh


   Skills:
 - Level 2.4 Dodging
 - Level 2.4 Stealth
 - Level 3.0 Spellcasting
 * Level 1.1 Conjurations
 + Level 4.3 Ice Magic


You had 4 spell levels left.
You knew the following spells:

 Your Spells              Type           Power        Failure   Level  Hunger
a - Freeze                Ice            ###.         2%          1    None
b - Throw Frost           Conj/Ice       ##....       8%          2    ##.....


Dungeon Overview and Level Annotations

Branches:
Dungeon (2/15)

Altars:

Annotations:
D:2 Sigmund


Message History

You are confused.
The hobgoblin closely misses you.
Found 7 gold pieces.
You're too confused to cast spells.
The hobgoblin misses you.
Throwing (i - inventory):
g - 92 stones (quivered)
Press: ? - help, Shift-Dir - straight line, f - hobgoblin
Aim: a hobgoblin
Okay, then.
Sigmund casts a spell at you. The puff of flame misses you.
The hobgoblin closely misses you.
You closely miss the hobgoblin. The hobgoblin closely misses you.
You're too confused to move!
The hobgoblin barely misses you.
Sigmund hits you from afar with a scythe.
The hobgoblin hits you.
You feel less confused. The hobgoblin misses you.
Sigmund hits you from afar with a scythe!
Ouch! That really hurt!
You die...

................
.......).......
.....[.##...##
............#
............#
.........##.#
.........##.#
.........##.# #
............##########.#
.......)....'..........#
............###.@......#
............# #g..@....#
#########...# #........#
#...# #.......## #...#
#.$...(..# #...#
#........# #...#
#........# #...#
#.$......# #...#
#........# #...#


You could see Sigmund and a hobgoblin.

Vanquished Creatures
  A worm (D:2)
  A bat (D:2)
  A giant cockroach (D:1)
  2 goblins (D:1)
  2 hobgoblins (D:1)
  3 kobolds
  A frilled lizard (D:2)
  5 rats
16 creatures vanquished.

Notes
Turn   | Place    | Note
-------+----------+-------------------------------------------
     0 | D:1      | hilaritas the Deep Elf Ice Elementalist began the quest for the Orb.
     0 | D:1      | Reached XP level 1. HP: 10/10 MP: 6/6
   161 | D:1      | Reached XP level 2. HP: 15/15 MP: 6/8
   183 | D:1      | Learned a level 2 spell: Throw Frost
   196 | D:1      | Reached skill level 4 in Ice Magic
   776 | D:2      | Noticed Sigmund
   783 | D:2      | Slain by Sigmund

Skill      XL: |  1  2 |
---------------+-------+-----
Ice Magic      | 4 |  4.3
Dodging        | |  2.4
Stealth        | |  2.4
Spellcasting   | |  3.0
Conjurations   | |  1.1

Action                   || total
-------------------------++-------
Melee: Dagger            ||     2
 Cast: Freeze            ||    27
Armor: Robe              ||     6
Dodge: Dodged            ||    16
